Map: Port Aleksander LE

Players

OldGregg - Winner!

  • Race: Zerg Zerg
  • League: Platinum
  • Spawn Location: 5:00

GeneParmesan

  • Race: Terran Terran
  • League: Platinum
  • Spawn Location: 11:00

VOD

Have the link to the VOD?

Description

Time

  • Played on: Nov. 25, 2018, 6:23 p.m.
  • Length: 20:55
Show
View Real Time Build Order
Export as new Build Order

OldGregg Zerg - Winner!

Build Orders: Hatch First 

Get SALT Encoding   

  12  0:01  Drone  
  13  0:13  Overlord  
  13  0:19  Drone  
  14  0:31  Drone x2  
  16  0:36  Drone  
  17  0:57  Hatchery, Drone  
  18  1:00  Drone  
  18  1:07  Drone  
  18  1:11  Extractor  
  18  1:21  Spawning Pool  
  18  1:22  Drone  
  18  1:30  Drone  
  19  1:43  Drone  
  20  2:05  Overlord  
  20  2:08  Queen  
  20  2:09  Queen  
  20  2:11  Zergling x4  
  20  2:13  Metabolic Boost  
  26  2:18  Zergling x2  
  26  2:20  Drone  
  28  2:23  Drone  
  29  2:40  Zergling x2  
  29  2:41  Drone x2  
  32  2:51  Drone  
  33  2:56  Drone  
  34  2:59  Drone  
  34  3:05  Hatchery  
  34  3:18  Drone  
  34  3:19  Baneling Nest, Overlord  
  34  3:20  Drone x2  
  36  3:39  Overlord  
  36  3:41  Overlord  
  36  3:44  Zergling x10  
  41  3:52  Queen  
  44  3:55  Drone  
  44  3:59  Queen  
  44  4:00  Drone  
  47  4:05  Overlord  
  47  4:09  Baneling x6  
  47  4:10  Baneling  
  47  4:11  Drone  
  47  4:14  Drone  
  49  4:21  Queen  
  51  4:24  Overlord  
  51  4:26  Zergling x2  
  51  4:27  Drone  
  53  4:39  Drone x4  
  53  4:40  Drone  
  53  4:43  Lair  
  58  4:47  Zergling x4  
  60  4:58  Extractor, Drone x3  
  62  5:07  Zergling x2  
  62  5:09  Zergling x8  
  62  5:10  Zergling x2  
  68  5:16  Zergling x8  
  60  5:43  Drone x3  
  60  5:44  Queen, Drone x7  
  60  5:45  Centrifical Hooks  
  60  5:49  Drone x2  
  74  5:54  Overlord x2  
  74  6:08  Spawning Pool  
  74  6:10  Extractor  
  67  6:35  Zergling x12  
  67  6:36  Zergling x10, Extractor  
  77  6:46  Drone  
  78  6:50  Drone x3  
  78  6:51  Overlord x2  
  81  7:06  Evolution Chamber x2  
  79  7:16  Drone  
  79  7:17  Drone  
  79  7:19  Zergling x8  
  79  7:20  Zergling x14  
  92  7:44  Baneling x3  
  92  7:45  Baneling  
  92  7:47  Zerg Melee Weapons Level 1  
  92  7:48  Zerg Ground Armor Level 1  
  92  7:52  Hydralisk Den  
  92  7:56  Hatchery  
  92  7:58  Drone x2  
  92  8:00  Extractor, Drone x2  
  92  8:02  Drone x2  
  92  8:03  Drone  
  92  8:04  Extractor  
  95  8:06  Drone x4  
  95  8:07  Drone  
  95  8:12  Zergling x4, Spine Crawler  
  101  8:14  Queen  
  101  8:16  Queen  
  101  8:18  Overlord x3  
  105  8:22  Overlord  
  105  8:23  Overlord  
  105  8:35  Hatchery  
  105  8:37  Hydralisk x3  
  105  8:39  Overlord  
  105  8:40  Overlord  
  110  8:46  Hydralisk  
  110  8:47  Hydralisk x3  
  118  8:53  Baneling  
  118  8:54  Baneling x12  
  118  9:01  Drone x3  
  118  9:10  Baneling x2  
  118  9:11  Baneling x7  
  118  9:12  Baneling x6  
  118  9:14  Hydralisk x2  
  122  9:23  Spore Crawler, Evolution Chamber, Drone x2  
  122  9:24  Drone  
  123  9:30  Overlord x2  
  123  9:34  Hydralisk x2  
  123  9:37  Baneling  
  127  9:42  Zerg Missile Weapons Level 1  
  127  9:43  Infestation Pit  
  126  9:46  Spore Crawler, Zerg Melee Weapons Level 2  
  126  9:49  Zerg Ground Armor Level 2  
  125  9:56  Baneling x4  
  125  9:57  Zergling x6  
  125  9:58  Zergling x2  
  129  10:11  Hydralisk x5  
  139  10:15  Drone  
  140  10:23  Drone x2  
  140  10:24  Queen  
  144  10:34  Hydralisk x5  
  144  10:35  Hydralisk  
  156  10:37  Zergling x4  
  156  10:39  Overseer  
  158  11:03  Drone x7  
  158  11:04  Drone x7  
  168  11:09  Extractor  
  168  11:10  Extractor  
  170  11:13  Hive  
  170  11:23  Hydralisk x7  
  184  11:33  Overseer x2  
  184  11:43  Hydralisk  
  184  11:44  Hydralisk x2  
  190  11:48  Overlord  
  190  11:49  Overlord x6  
  190  11:56  Muscular Augments  
  178  12:34  Hydralisk x5  
  178  12:35  Hydralisk x2  
  192  12:37  Baneling x6  
  192  12:38  Baneling x10  
  192  12:39  Zergling x12  
  192  12:41  Overlord x4  
  192  12:42  Overlord  
  198  13:08  Grooved Spines  
  187  13:41  Spore Crawler  
  186  14:09  Ultralisk Cavern  
  185  14:11  Zerg Melee Weapons Level 3  
  185  14:13  Zerg Missile Weapons Level 2  
  185  14:14  Zerg Ground Armor Level 3  
  185  14:30  Overlord  
  185  14:35  Queen  
  180  14:39  Queen  
  127  15:06  Zergling x16  
  127  15:07  Zergling x54  
  162  15:24  Ultralisk x6  
  198  15:37  Baneling x16  
  198  15:38  Baneling x31  
  198  15:39  Baneling x18  
  198  15:45  Chitinous Plating  
  198  15:51  Drone  
  198  15:52  Drone  
  200  16:12  Overlord x5  
  200  16:23  Extractor  
  199  16:29  Hatchery  
  198  16:43  Overlord x4  
  198  16:46  Pneumatized Carapace  
  198  16:47  Burrow  
  198  16:52  Zergling x4  
  195  17:33  Overlord x3  
  152  17:54  Zergling x4  
  152  17:55  Zergling x60  
  152  17:56  Zergling x4  
  162  18:01  Zergling x2  
  153  18:12  Zergling x8  
  157  18:13  Zergling x6  
  157  18:17  Zergling x8  
  164  18:42  Baneling  
  164  18:43  Baneling x13  
  164  18:44  Baneling x10  
  164  18:52  Lair x5  
  164  18:54  Zergling x40  
  159  19:12  Zergling x2  
  159  19:13  Zergling x30  
  166  19:21  Zergling x2  
  166  19:22  Zergling x12  
  172  19:31  Zergling x6  
  172  19:32  Zergling x10  
  180  19:39  Baneling x2  
  180  19:40  Baneling x8  
  176  19:49  Zergling x6  
  176  19:50  Zergling x22  
  175  19:53  Zergling x8  
  175  19:59  Zergling x6  
  165  20:02  Zergling x4  
  157  20:09  Zergling x2  
  157  20:10  Zergling x6  
  157  20:13  Swarm Host  
  143  20:14  Zergling x4  
  143  20:15  Zergling x2  
  143  20:18  Baneling x4  
  143  20:20  Baneling  
  143  20:21  Baneling  
  143  20:25  Zergling x6  
  143  20:26  Zergling x2  
Show
View Real Time Build Order
Export as new Build Order

GeneParmesan Terran 

Build Orders:  

Get SALT Encoding   

  12  0:01  SCV  
  14  0:14  SCV  
  14  0:19  Supply Depot  
  14  0:26  SCV  
  15  0:43  Barracks  
  15  0:48  SCV  
  16  0:53  Refinery  
  16  1:00  SCV  
  17  1:12  SCV  
  17  1:17  Barracks  
  18  1:23  Refinery  
  18  1:24  SCV  
  19  1:36  SCV  
  19  1:37  Barracks Reactor  
  20  1:40  Supply Depot  
  20  1:51  Orbital Command  
  20  2:08  Factory  
  20  2:15  Barracks Tech Lab  
  20  2:20  Marine x2  
  22  2:25  SCV  
  23  2:37  SCV  
  23  2:38  Marine x2  
  23  2:40  Stimpack  
  25  2:46  Marine  
  26  2:55  Supply Depot, SCV  
  26  2:56  Marine  
  28  3:05  Starport  
  28  3:07  Factory Reactor  
  28  3:19  Marine x3  
  31  3:22  SCV  
  32  3:32  Supply Depot  
  32  3:35  SCV  
  32  3:37  Marine x2  
  35  3:45  Marine  
  36  3:58  Factory Reactor  
  36  4:02  Medivac x2  
  40  4:10  Marine  
  40  4:11  Marine  
  40  4:14  Marine  
  43  4:28  Marine  
  43  4:29  Command Center  
  44  4:40  Combat Shield  
  44  4:47  Marine x2  
  46  4:53  Supply Depot  
  46  4:55  Marine  
  47  5:08  Factory Tech Lab  
  47  5:10  Barracks  
  47  5:36  SCV  
  46  5:48  SCV  
  47  5:58  Orbital Command  
  47  6:00  Marine x5, SCV  
  52  6:04  Engineering Bay  
  52  6:09  Engineering Bay  
  52  6:12  SCV  
  52  6:18  Marine x3  
  54  6:24  SCV  
  52  6:32  Siege Tank  
  53  6:36  SCV  
  54  6:48  SCV  
  54  6:51  Orbital Command  
  55  7:00  SCV  
  56  7:03  Supply Depot x2  
  56  7:04  Supply Depot, Siege Tank  
  59  7:09  Marine x4  
  59  7:10  Marine  
  59  7:13  SCV  
  65  7:25  SCV  
  65  7:27  Marine x4, Terran Infantry Weapons Level 1  
  70  7:32  SCV  
  70  7:36  Siege Tank  
  74  7:37  SCV  
  75  7:44  SCV  
  75  7:49  SCV  
  77  7:52  Supply Depot  
  77  7:54  Marine x5  
  77  7:56  SCV  
  83  8:01  SCV  
  84  8:09  SCV  
  85  8:14  Supply Depot  
  85  8:24  Marine x4  
  85  8:25  Marine  
  85  8:26  SCV x2  
  92  8:31  Terran Infantry Armor Level 1  
  92  8:33  Armory  
  92  8:34  Command Center  
  92  8:37  Siege Tank  
  92  8:38  SCV x2  
  97  8:42  Marine x2  
  97  8:44  Supply Depot  
  97  8:47  Supply Depot  
  93  9:15  Marine x2  
  93  9:16  Marine x3  
  98  9:33  Marine x4  
  98  9:34  Marine  
  98  9:37  Refinery x2  
  103  9:38  Missile Turret  
  103  9:39  Barracks x2  
  103  9:51  Marine x2  
  103  9:52  Concussive Shells  
  105  9:57  Marine x3  
  105  9:58  Terran Infantry Weapons Level 2  
  108  10:02  Terran Vehicle Weapons Level 1  
  108  10:16  Marine  
  108  10:17  Marine x4  
  113  10:22  Medivac  
  113  10:25  Medivac  
  113  10:27  Command Center  
  117  10:34  Marine x2  
  119  10:42  Supply Depot  
  119  10:46  Supply Depot  
  119  10:50  Planetary Fortress  
  119  11:01  Barracks Reactor  
  119  11:02  Barracks Reactor  
  119  11:06  Supply Depot  
  119  11:07  SCV x2  
  121  11:18  Barracks  
  121  11:19  SCV x2  
  121  11:22  Siege Tank  
  126  11:27  Armory  
  126  11:30  Factory  
  126  11:31  SCV x2  
  128  11:43  SCV  
  128  11:44  SCV  
  130  11:54  Siege Tank  
  133  11:55  SCV  
  133  11:57  Terran Vehicle And Ship Armor Level 1  
  122  12:26  Siege Tank  
  125  12:33  Marine  
  125  12:34  Marine x9  
  135  12:47  Refinery  
  135  12:49  Sensor Tower  
  135  12:51  Marine  
  135  12:52  Marine x9, Missile Turret  
  135  12:53  Missile Turret, Factory Tech Lab  
  135  12:55  Medivac  
  135  12:58  Siege Tank  
  150  13:00  Planetary Fortress  
  150  13:09  Marine, SCV x3  
  150  13:10  Marine x8, Marauder  
  164  13:15  Medivac  
  166  13:21  SCV x3  
  166  13:25  Medivac  
  171  13:27  Marine x2  
  171  13:32  Marauder  
  171  13:33  SCV  
  173  13:43  SCV x2  
  173  13:45  Refinery  
  175  13:51  Barracks Reactor, Ghost Academy  
  175  13:52  Drilling Claws  
  175  13:53  Marauder  
  177  14:03  Supply Depot x2  
  177  14:04  Supply Depot  
  177  14:08  Marine x3  
  180  14:21  Starport  
  180  14:24  Marine  
  180  14:25  Siege Tank x2, SCV x2, Marine x5  
  180  14:26  Marine x3  
  180  14:27  Supply Depot  
  180  14:29  Supply Depot  
  178  14:42  Marine x3  
  178  14:43  Marauder  
  146  14:47  Marine x6  
  146  14:48  Marine  
  132  14:57  Siege Tank x2  
  136  15:00  Marine x3  
  136  15:04  Marauder  
  136  15:05  Marine x6  
  136  15:06  Marine  
  148  15:11  Smart Servos  
  148  15:18  Marine x3  
  151  15:22  Marine x2, SCV x4  
  151  15:23  Marine  
  151  15:24  Refinery  
  151  15:26  Marauder  
  160  15:28  Terran Infantry Armor Level 2  
  160  15:29  Siege Tank  
  160  15:34  SCV x2  
  165  15:47  Marauder  
  167  15:59  Command Center  
  167  16:06  Terran Infantry Weapons Level 3  
  167  16:09  Marauder  
  169  16:29  Barracks Reactor, Marine x2, Mag-Field Accelerator  
  169  16:30  Marine x2, Marauder  
  175  16:51  Ghost  
  175  16:54  Marine x7  
  177  16:55  Marine  
  177  17:01  Starport Tech Lab  
  185  17:19  Ghost  
  162  17:48  Ghost  
  162  17:51  Marine x8  
  114  18:11  Marine x2, Refinery  
  114  18:12  Marine x4  
  119  18:13  Marine x2  
  119  18:16  Ghost  
  122  18:29  Marine x3  
  122  18:30  Barracks Tech Lab, Marine, Personal Cloaking, Barracks  
  122  18:34  Siege Tank x2  
  132  18:35  Barracks  
  132  18:37  Terran Vehicle Weapons Level 2  
  132  18:38  Terran Vehicle And Ship Armor Level 2  
  132  18:45  Ghost  
  132  18:47  Orbital Command  
  134  19:06  Siege Tank, Command Center  
  121  19:13  Ghost  
  121  19:16  Marine x6  
  121  19:17  Marine x2, Marauder  
  101  19:33  Marine  
  101  19:34  Marine x3  
  107  19:38  Marauder  
  107  19:39  Command Center  
  107  19:42  Ghost  
  107  19:43  Marine x4  
  111  19:51  Marine x3  
  111  19:52  Marine  
  113  19:56  Nuke  
  113  19:59  Command Center  
  105  20:00  Marauder  
  105  20:01  Marine x2  
  101  20:09  Marine x2  
  101  20:11  Marauder  
  82  20:18  Marine  
  82  20:19  Marine  
  84  20:21  Marauder  
  76  20:33  Barracks Tech Lab x2  
  76  20:35  Marine x2  
Tags
 
Add a new tag
Caveats
  • Supply blocks, unpowered buildings, or Contaminate may cause inaccurate times.
  • Supply counts are checked every 10 seconds.